 Dungeon Crawl Stone Soup version 0.21-a0-286-g6fcecc0 (webtiles) character file.

418498 nikopol the Executioner (level 22, -5/219 (220) HPs)
             Began as a Minotaur Fighter on Sept 25, 2017.
             Was the Champion of Okawaru.
             Killed by the air
             ... invoked by a spriggan air mage
              (10 damage)
             ... on level 3 of the Depths on Sept 26, 2017.
             The game lasted 03:25:33 (48468 turns).

nikopol the Executioner (Minotaur Fighter)         Turns: 48468, Time: 03:25:34

HP:   -5/219 (220)  AC: 40    Str: 29    XL:     22   Next: 60%
MP:   21/21         EV: 12    Int:  5    God:    Okawaru [******]
Gold: 3106          SH: 18    Dex: 14    Spells: 21/21 levels left

rFire    . . .     SeeInvis .   A - +3 broad axe (drain)
rCold    + . .     Gourm    .   E - +0 shield {rN+}
rNeg     + + +     Faith    .   h - +9 plate armour of Lasuklock {rN+ Regen+ Str+2}
rPois    +         Spirit   .   Z - +2 hat
rElec    .         Reflect  .   O - +2 cloak {rPois}
rCorr    .         Harm     .   P - +3 pair of gauntlets of War {Slay+5}
MR       +....     Rnd*Rage +   l - +1 pair of boots {Stlth+}
Stlth    ..........             q - amulet of rage
HPRegen  0.86/turn              L - ring of positive energy
MPRegen  0.17/turn              Q - ring of protection from cold

@: no status effects
A: retaliatory headbutt, horns 2, berserk 1
}: 2/15 runes: decaying, serpentine
a: Heroism, Finesse, Renounce Religion, Evoke Berserk Rage


You were on level 3 of the Depths.
You worshipped Okawaru.
Okawaru was exalted by your worship.
You were not hungry.

You visited 9 branches of the dungeon, and saw 41 of its levels.
You visited the Abyss 2 times.
You also visited: Ossuary and Ice Cave.

You collected 4253 gold pieces.
You spent 1147 gold pieces at shops.

Inventory:

Hand Weapons
 a - a +7 broad axe of flaming
 y - a +1 broad axe of holy wrath
 z - a +1 antimagic flail
 A - a +3 broad axe of draining (weapon)
Missiles
 k - 7 javelins of returning
 F - 14 tomahawks (quivered)
 M - 7 silver javelins
Armour
 h - the +9 plate armour of Lasuklock (worn) {rN+ Regen+ Str+2}
   (You bought it in a shop on level 1 of the Orcish Mines)

   It affects your strength (+2).
   It protects you from negative energy.
   It increases your rate of regeneration.
 l - a +1 pair of boots of stealth (worn)
 C - the +2 pair of gloves of Classification {rElec rF- rC+++ MR-}
   (Okawaru gifted it to you on level 2 of the Vaults)

   It makes you vulnerable to fire.
   It renders you almost immune to cold.
   It insulates you from electricity.
   It affects your resistance to hostile enchantments.
 E - a +0 shield of positive energy (worn)
 O - a +2 cloak of poison resistance (worn)
 P - the +3 pair of gauntlets of War (worn) {Slay+5}
   (You found it on level 3 of the Lair of Beasts)

   It affects your accuracy and damage with ranged weapons and melee attacks
   (+5).
 Z - a +2 hat (worn)
Jewellery
 q - an amulet of rage (around neck)
 L - a ring of positive energy (left hand)
 Q - a ring of protection from cold (right hand)
Wands
 c - a wand of paralysis (9/24)
 u - a wand of paralysis (10/24)
 w - a wand of digging (11/24)
 R - a wand of confusion (29/48)
 V - a wand of random effects (6/48)
 Y - a wand of disintegration (5/24)
Scrolls
 i - 2 scrolls of summoning
 m - 9 scrolls of identify
 n - 20 scrolls of remove curse
 o - 5 scrolls of blinking
 x - 9 scrolls of teleportation
 H - 6 scrolls of fear
 I - 7 scrolls of fog
 K - 4 scrolls of recharging
 S - 2 scrolls of amnesia
 T - 9 scrolls of enchant armour
 U - 6 scrolls of magic mapping
Potions
 d - 9 potions of might
 e - 9 potions of haste
 g - 12 potions of heal wounds
 j - 6 potions of mutation
 p - 9 potions of agility
 s - 24 potions of curing
 t - 9 potions of cancellation
 B - 5 potions of flight
 D - 2 potions of magic
 G - 6 potions of invisibility
 J - 2 potions of brilliance
 N - 6 potions of resistance
 X - a potion of ambrosia
Comestibles
 b - 4 royal jellies
 f - 32 bread rations
 r - 26 fruits
 v - 21 meat rations
 W - 4 chunks of flesh


   Skills:
 + Level 23.4 Fighting
 + Level 25.1(25.2) Axes
 + Level 5.9(18.1) Maces & Flails
 + Level 2.5 Throwing
 + Level 18.5 Armour
 + Level 6.2 Dodging
 + Level 2.6 Stealth
 + Level 22.7 Shields
 + Level 1.0 Invocations
 + Level 0.3 Evocations


You had 21 spell levels left.
You didn't know any spells.

Dungeon Overview and Level Annotations

Branches:
Dungeon (15/15)            Temple (1/1) D:4            Lair (6/6) D:8
  Swamp (4/4) Lair:2        Snake (4/4) Lair:2        Slime (0/5) Lair:5
    Orc (2/2) D:12            Elf (2/3) Orc:2        Vaults (4/5) D:13
  Crypt (0/3) Vaults:3     Depths (3/5) D:15

Altars:
Ashenzari
Cheibriados
Dithmenos
Elyvilon
Fedhas
Gozag
Hepliaklqana
Kikubaaqudgha
Makhleb
Nemelex Xobeh
Okawaru
Qazlal
Ru
Sif Muna
Trog
Uskayaw
Vehumet
Wu Jian
Xom
Yredelemnul
Zin
The Shining One
Jiyva
Lugonu

Shops:
D:6 ?   Orc:1 [   Orc:2 =[}*   Elf:2 ((   Vaults:2 !   Vaults:4 ?

Portals:
Hell: Depths:1 Depths:2
Abyss: Depths:3


Innate Abilities, Weirdness & Mutations

You reflexively headbutt those who attack you in melee.
You have a pair of horns on your head.
You tend to lose your temper in combat.


Message History

* * * LOW HITPOINT WARNING * * *
The spriggan air mage waves its arms in wide circles.
The air twists around and strikes you!
* * * LOW HITPOINT WARNING * * *
The lich touches you but does no damage.
The lich touches you but does no damage. x3
The deep elf high priest prays.
The lich gestures at you while chanting.
The crystal spear hits you!
* * * LOW HITPOINT WARNING * * *
The spriggan air mage waves its arms in wide circles.
The air twists around and strikes you!
The lich touches you but does no damage.
You turn to flesh and can move again.
You slice the lich!! You headbutt the lich.
You destroy the lich!
Okawaru is honoured by your kill.
The spriggan air mage waves its arms in wide circles.
The air twists around and strikes you!
You die...

.......#...##...##...#
......#....'.........#
......+....#.........#
>.....#....#....##...#
......#....##...##...#
......#....##...##...#
#>....####+##....#...#
##'##### #....#...#
#......# ######@#...#
.......####....#.#..<#
.....###......e'.#...#
#...## .......i#######
##'## '######## #..#
..## ..# ..#


You could see a spriggan air mage.

Vanquished Creatures
  The ghost of Sergey the Spry, a veteran HaSk of Ru (Depths:2)
  Nikola (Vaults:1)
  A golden dragon (Depths:3)
  A bone dragon (Vaults:3)
  3 liches
  A tentacled monstrosity (Depths:3)
  A deep elf blademaster (Elf:2)
  The ghost of NormalPerson7 the Warrior, an adept OpWz of Kikubaaqudgha (Vaults:2)
  An ancient champion (Vaults:3)
  A tentacled starspawn (Abyss:2)
  Donald (Vaults:3)
  4 thorn hunters
  A sphinx (Depths:3)
  A tengu reaver (Depths:3)
  A storm dragon (Vaults:2)
  Roxanne (D:15)
  3 azure jellies
  8 nagarajas
  3 deep elf sorcerers
  A fire giant (Depths:1)
  2 frost giants
  7 vault wardens
  2 orc warlords
  Aizul (Swamp:4)
  2 caustic shrike zombies (Depths:3)
  A curse skull (Vaults:3)
  Louise (Swamp:3)
  4 ironheart preservers
  A caustic shrike skeleton (Depths:3)
  2 entropy weavers
  13 very ugly things
  A juggernaut skeleton (Vaults:3)
  A draconian stormcaller (Abyss:2)
  A vampire knight (Depths:3)
  13 stone giants
  A dire elephant (shapeshifter) (Depths:2)
  2 red draconians (Depths:2)
  A deep elf annihilator (Elf:1)
  A crystal guardian (Abyss:2)
  A green death (Abyss:2)
  A merfolk javelineer (Depths:1)
  4 blizzard demons
  2 deep elf death magi
  4 ettins
  12 great orbs of eyes
  4 fire dragons
  10 yaktaur captains
  20 naga warriors
  2 caustic shrike simulacra
  12 ice dragons
  6 death knights
  54 two-headed ogres
  8 centaur warriors
  5 ghost crabs
  22 hydras
  5 alligators
  2 rakshasas
  18 dancing weapons
  16 ogre magi
  14 anacondas
  5 tengu warriors
  Urug (Lair:5)
  6 thrashing horrors (Abyss:2)
  3 deep troll earth magi (Depths:1)
  4 orc high priests
  7 deep troll shamans
  5 shock serpents
  20 naga sharpshooters
  8 spriggans
  2 spriggan berserkers
  2 sun demons (Depths:2)
  Nergalle (Orc:1)
  3 skeletal warriors (Depths:2)
  15 deep elf knights
  A shadow wraith (Vaults:1)
  A salamander mystic (Snake:3)
  3 iron trolls
  A fire crab (shapeshifter) (Vaults:1)
  A hell knight (Vaults:2)
  14 deep trolls
  A storm dragon skeleton (Vaults:3)
  4 spriggan druids
  A sea snake (Vaults:3)
  A flayed ghost (Vaults:4)
  4 shambling mangroves
  4 unseen horrors
  A death drake (Vaults:3)
  A quicksilver dragon simulacrum (Depths:2)
  7 wizards
  9 ironbrand convokers
  An obsidian statue (Vaults:4)
  8 deep elf archers
  2 glowing orange brains (Vaults:2)
  8 swamp dragons
  A harpy (Vaults:3)
  An orange crystal statue (Depths:2)
  4 necromancers
  7 naga ritualists
  40 deep elf magi
  Pikel (D:7)
  14 mana vipers
  2 oklob plants (Lair:3)
  47 ugly things
  12 orc knights
  9 orc sorcerers
  2 wolf spiders
  2 manticores (D:14)
  A stone giant zombie (Depths:2)
  2 worldbinders (Abyss:2)
  6 cyclopes
  6 salamanders
  A fire giant zombie (Depths:3)
  4 elephants (Lair:2)
  37 black mambas
  A fire giant skeleton (Abyss:2)
  A black mamba (shapeshifter) (Vaults:1)
  37 naga magi
  2 guardian serpents (shapeshifter)
  An apocalypse crab (Abyss:2)
  4 smoke demons (Abyss:2)
  4 guardian serpents
  3 ice statues
  16 vault sentinels
  A water nymph (shapeshifter) (Vaults:1)
  33 spiny frogs
  4 gargoyles
  A torpor snail (Lair:6)
  3 elf skeletons
  A rime drake (Lair:6)
  A kobold demonologist (D:14)
  3 hellwings (Abyss:2)
  An efreet (D:15)
  An anaconda simulacrum (Vaults:3)
  21 freezing wraiths
  14 yaktaurs
  11 komodo dragons
  3 ancient zymes (Abyss:2)
  3 tengu conjurers
  3 polar bears
  2 jumping spiders
  16 hornets
  15 tyrant leeches
  A hornet (shapeshifter) (Vaults:2)
  2 wind drakes (shapeshifter)
  21 blink frogs
  10 bog bodies
  46 slime creatures
  7 trolls
  8 raiju (Abyss:2)
  2 elf zombies
  5 small abominations
  5 dream sheep (Lair:6)
  A hippogriff (shapeshifter) (Elf:2)
  6 hippogriffs
  2 fire giant simulacra
  A blink frog (shapeshifter) (D:15)
  5 air elementals
  6 starcursed masses (Abyss:2)
  5 redbacks
  A tarantella (Vaults:3)
  A tarantella (shapeshifter) (Vaults:1)
  3 shadows
  5 flying skulls (Abyss:2)
  3 elf simulacra
  5 wraiths
  2 vampires (Depths:2)
  3 ynoxinuls (Abyss:2)
  7 water elementals
  52 yaks
  2 neqoxecs (Abyss:2)
  3 wyverns
  A fire elemental (D:12)
  A hog (shapeshifter) (D:13)
  A human (shapeshifter) (Elf:1)
  2 chaos spawn (Abyss:2)
  2 hungry ghosts
  Grum (D:8)
  4 basilisks
  A steam dragon (D:12)
  9 vampire mosquitoes
  14 swamp worms
  A death yak simulacrum (IceCv)
  7 wargs
  17 insubstantial wisps
  52 nagas
  2 soldier ants (shapeshifter)
  2 acid dragons
  7 large abominations (Abyss:2)
  11 water moccasins
  A floating eye (Depths:3)
  A hydra simulacrum (Vaults:3)
  6 porcupines
  41 orc warriors
  13 swamp drakes
  6 sky beasts
  3 black bears
  A hornet zombie (Ossuary)
  2 eyes of draining
  2 black mamba simulacra (Vaults:3)
  A fire dragon simulacrum (Vaults:3)
  5 necrophages
  33 ogres
  9 ice beasts
  3 wolves
  12 boggarts
  5 phantoms
  30 centaurs
  12 crocodiles
  25 bullfrogs
  A gnoll sergeant (D:6)
  2 earth elementals
  A water moccasin zombie (D:7)
  2 wyvern zombies
  A water moccasin skeleton (D:7)
  2 scorpions
  A troll zombie (D:12)
  9 killer bees
  9 electric eels
  A howler monkey (D:11)
  4 bullfrog zombies
  7 crimson imps
  3 draconian simulacra (IceCv)
  6 hounds
  2 centaur zombies
  3 quasits
  An iron imp (Abyss:2)
  21 orc priests
  9 jellies
  4 bullfrog skeletons
  Jessica (D:8)
  7 iguanas
  31 orc wizards
  Natasha (twice) (D:2)
  7 hell rats (Lair:6)
  2 polar bear simulacra (IceCv)
  2 spriggan simulacra (IceCv)
  6 worker ants
  11 troll simulacra
  A wolf simulacrum (IceCv)
  7 ogre zombies (D:12)
  A centaur simulacrum (IceCv)
  4 hound zombies
  17 mummies (Ossuary)
  A worker ant zombie (Ossuary)
  5 gnolls
  6 adders
  A howler monkey skeleton (D:11)
  2 ogre simulacra
  5 naga simulacra
  5 shadow imps
  13 white imps
  An ufetubus (Abyss:2)
  2 oozes
  5 adder zombies
  3 adder skeletons
  A worm (D:3)
  3 dart slugs
  4 leopard geckos
  76 orcs
  4 giant cockroaches
  7 goblins
  7 hobgoblins
  18 jackals
  11 kobolds
  5 quokkas
  7 bats
  3 frilled lizards
  A giant cockroach zombie (Ossuary)
  3 goblin skeletons (D:12)
  5 goblin zombies (D:12)
  3 hobgoblin zombies (D:12)
  2 jackal zombies (Ossuary)
  2 leopard gecko zombies (Ossuary)
  3 orc skeletons (D:12)
  11 orc zombies (D:12)
  7 rats
  14 briar patches
  20 fungi
  6 plants
  A starspawn tentacle (Abyss:2)
  A withered plant (Ossuary)
1903 creatures vanquished.

Vanquished Creatures (others)
  An eldritch tentacle (Abyss:2)
  A wizard (Vaults:3)
  3 large abominations (Abyss:2)
  A glowing orange brain (Abyss:2)
  A naga mage (Snake:4)
  A vault sentinel (Vaults:1)
  A polar bear (D:12)
  A fire elemental (Depths:2)
  3 slaves (D:7)
  An ogre (Vaults:3)
  2 boggarts (Vaults:1)
  A jelly (Depths:2)
  A crimson imp (D:7)
  An orc wizard (Orc:2)
  A gnoll shaman (D:7)
  4 small abominations
  2 gnolls (D:7)
  An adder (Depths:2)
  A kobold (Depths:2)
  3 briar patches (Swamp:4)
  25 fungi
  A lurking horror (Abyss:2)
  52 plants
  3 starspawn tentacles (Abyss:2)
  2 withered plants (Ossuary)
114 creatures vanquished.

Grand Total: 2017 creatures vanquished

Notes
Turn   | Place    | Note
-------+----------+-------------------------------------------
     0 | D:1      | nikopol the Minotaur Fighter began the quest for the Orb.
     0 | D:1      | Reached XP level 1. HP: 19/19 MP: 0/0
   187 | D:1      | Reached XP level 2. HP: 22/27 MP: 1/1
   809 | D:2      | Reached skill level 3 in Axes
   809 | D:2      | Reached XP level 3. HP: 30/33 MP: 2/2
   995 | D:2      | Noticed Natasha
  1000 | D:2      | Killed Natasha
  1000 | D:2      | Reached XP level 4. HP: 34/40 MP: 3/3
  1114 | D:2      | Noticed Natasha
  1117 | D:2      | Killed Natasha
  1180 | D:2      | Reached skill level 4 in Axes
  2370 | D:4      | Found a blossoming altar of Fedhas.
  2375 | D:4      | Reached XP level 5. HP: 47/47 MP: 4/4
  2533 | D:4      | Noticed a phantom
  2564 | D:4      | Killed a phantom
  2564 | D:4      | Reached skill level 5 in Axes
  2564 | D:4      | Reached skill level 5 in Shields
  2564 | D:4      | Reached XP level 6. HP: 39/53 MP: 5/5
  2569 | D:4      | Found a snail-covered altar of Cheibriados.
  2607 | D:4      | Found a basalt altar of Yredelemnul.
  2975 | D:4      | Found a staircase to the Ecumenical Temple.
  3012 | Temple   | Entered the Ecumenical Temple
  3062 | Temple   | Became a worshipper of Warmaster Okawaru
  3308 | D:5      | Entered Level 5 of the Dungeon
  3499 | D:5      | Reached skill level 5 in Fighting
  3499 | D:5      | Reached skill level 6 in Axes
  3499 | D:5      | Reached skill level 1 in Dodging
  3589 | D:5      | Reached skill level 5 in Armour
  3589 | D:5      | Reached XP level 7. HP: 19/61 MP: 6/6
  3867 | D:5      | Found a shimmering altar of Xom.
  3871 | D:5      | Found an ornate altar of the Wu Jian Council.
  3874 | D:5      | Found a stormy altar of Qazlal.
  4020 | D:5      | Reached * piety under Okawaru
  4020 | D:5      | Reached skill level 7 in Axes
  4478 | D:6      | Found a hide-covered altar of Uskayaw.
  4544 | D:6      | Reached skill level 8 in Axes
  4544 | D:6      | Reached XP level 8. HP: 67/69 MP: 7/7
  4649 | D:6      | Found a sacrificial altar of Ru.
  4942 | D:6      | Reached ** piety under Okawaru
  5116 | D:6      | Found Myezxiod's Magic Scroll Emporium.
  5119 | D:6      | Bought a scroll of teleportation for 42 gold pieces
  5119 | D:6      | Bought a scroll of blinking for 105 gold pieces
  5343 | D:7      | Noticed Pikel
  5354 | D:7      | Killed Pikel
  5354 | D:7      | Reached skill level 9 in Axes
  5441 | D:7      | Noticed a two-headed ogre
  5460 | D:7      | Killed a two-headed ogre
  5460 | D:7      | Reached *** piety under Okawaru
  5460 | D:7      | Reached skill level 10 in Axes
  5460 | D:7      | Reached XP level 9. HP: 53/78 MP: 8/8
  5488 | D:7      | Found a sand-covered staircase.
  5497 | Ossuary  | Entered an ossuary
  5694 | Ossuary  | Reached **** piety under Okawaru
  5694 | Ossuary  | Reached skill level 11 in Axes
  5956 | D:7      | Found a transporter.
  6297 | D:7      | Found an ancient bone altar of Kikubaaqudgha.
  6747 | D:7      | Reached XP level 10. HP: 61/86 MP: 6/9
  6763 | D:7      | Reached skill level 1 in Stealth
  6923 | D:7      | Found a transporter.
  6933 | D:7      | Got a scintillating iron amulet
  7049 | D:8      | Reached skill level 12 in Axes
  7088 | D:8      | Noticed a two-headed ogre
  7095 | D:8      | Killed a two-headed ogre
  7095 | D:8      | Reached ***** piety under Okawaru
  7188 | D:8      | Noticed Grum
  7193 | D:8      | Killed Grum
  7251 | D:8      | Found a staircase to the Lair.
  7541 | D:8      | Noticed Jessica
  7554 | D:8      | Killed Jessica
  7555 | D:8      | Found a deep blue altar of Sif Muna.
  7773 | D:8      | Received a gift from Okawaru
  7773 | D:8      | Reached skill level 13 in Axes
  8061 | D:9      | Got a heavily runed ring mail
  8453 | D:9      | Reached XP level 11. HP: 95/95 MP: 10/10
  8847 | Lair:1   | Entered Level 1 of the Lair of Beasts
  8967 | Lair:1   | Reached skill level 10 in Shields
  9017 | Lair:1   | Reached skill level 14 in Axes
  9051 | Lair:1   | Noticed a seven-headed hydra
  9067 | Lair:1   | Killed a seven-headed hydra
  9067 | Lair:1   | Reached skill level 1 in Maces & Flails
  9273 | Lair:1   | Received a gift from Okawaru
  9276 | Lair:1   | Got a dazzling dire flail {god gift}
  9282 | Lair:1   | Identified the +1 dire flail of Royalism {pain, +Fly rC+ Str+2 Dex+4} (Okawaru gifted it to you on level 1 of the Lair of Beasts)
 10034 | Lair:2   | Identified the amulet of Utefioph {Inacc +Inv +Fly rPois Str+4} (You found it on level 7 of the Dungeon)
 10056 | Lair:2   | Identified the cursed +1 ring mail of the Hurricane {MR++} (You found it on level 9 of the Dungeon)
 10643 | Lair:2   | Found a staircase to the Snake Pit.
 10817 | Lair:2   | Found a staircase to the Swamp.
 11066 | Lair:3   | Found the +8 Wrath of Trog {antimagic, *Rage}
 11296 | Lair:3   | Found the +3 pair of gauntlets of War {Slay+5}
 11310 | Lair:3   | Received a gift from Okawaru
 11456 | Lair:3   | Noticed an oklob plant
 11456 | Lair:3   | Noticed an oklob plant
 11475 | Lair:3   | Killed an oklob plant
 11475 | Lair:3   | Reached skill level 15 in Axes
 11476 | Lair:3   | Killed an oklob plant
 11476 | Lair:3   | Reached XP level 12. HP: 97/106 MP: 11/11
 11707 | Lair:3   | Noticed an eight-headed hydra
 11718 | Lair:3   | Killed an eight-headed hydra
 12193 | Lair:4   | Reached skill level 10 in Fighting
 12204 | Lair:4   | Noticed a four-headed hydra
 12225 | Lair:4   | Killed a five-headed hydra
 12466 | Lair:4   | Reached skill level 10 in Armour
 12527 | Lair:4   | Reached ****** piety under Okawaru
 12530 | Lair:4   | Received a gift from Okawaru
 13014 | Lair:5   | Noticed Urug
 13035 | Lair:5   | Killed Urug
 13085 | Lair:5   | Reached skill level 16 in Axes
 13359 | Lair:5   | Found a runed door.
 13360 | Lair:5   | Found a viscous altar of Jiyva.
 13362 | Lair:5   | Found a staircase to the Slime Pits.
 13747 | Lair:6   | Entered Level 6 of the Lair of Beasts
 13815 | Lair:6   | Received a gift from Okawaru
 13825 | Lair:6   | Reached XP level 13. HP: 95/116 MP: 12/12
 14934 | Lair:6   | Received a gift from Okawaru
 14944 | Lair:6   | Got a twisted flail {god gift}
 14950 | Lair:6   | Identified the +2 flail of Dawn {pain, rF+ MP+9 Str-5 Int+5} (Okawaru gifted it to you on level 6 of the Lair of Beasts)
 15023 | Lair:6   | Reached skill level 17 in Axes
 15944 | D:10     | Entered Level 10 of the Dungeon
 16090 | D:10     | Received a gift from Okawaru
 17110 | D:11     | Reached XP level 14. HP: 124/127 MP: 13/13
 18266 | D:12     | Found a staircase to the Orcish Mines.
 18497 | D:12     | Found a large runed door.
 18497 | D:12     | Found a large runed door.
 18684 | D:12     | Found a frozen archway.
 18731 | IceCv    | Entered an ice cave
 18981 | IceCv    | Found an ancient bone altar of Kikubaaqudgha.
 19314 | IceCv    | Got a pair of ancient gloves
 19321 | IceCv    | Identified Sif Muna's Volume of the Glacier
 19335 | IceCv    | Identified the cursed -3 pair of gloves "Geon" {+Blink +Inv rPois rF-} (You found it in an ice cave)
 19780 | D:12     | Received a gift from Okawaru
 20511 | D:13     | Found a hazy altar of Hepliaklqana.
 20653 | D:13     | Found a gate to the Vaults.
 20981 | Orc:1    | Entered Level 1 of the Orcish Mines
 20981 | Orc:1    | Found a bloodstained altar of Trog.
 20983 | Orc:1    | Noticed a stone giant
 21000 | Orc:1    | Killed a stone giant
 21021 | D:12     | Received a gift from Okawaru
 21454 | Orc:1    | Found Erikhlenk's Antique Armour Emporium.
 21462 | Orc:1    | Bought a steaming plate armour for 840 gold pieces
 21490 | Orc:1    | Identified the +9 plate armour of Lasuklock {rN+ Regen+ Str+2} (You bought it in a shop on level 1 of the Orcish Mines)
 21567 | Orc:1    | Noticed Nergalle
 21580 | Orc:1    | Killed Nergalle
 21599 | Orc:1    | Found a bloodstained altar of Trog.
 21609 | Orc:2    | Entered Level 2 of the Orcish Mines
 21611 | Orc:2    | Found a staircase to the Elven Halls.
 21618 | Orc:2    | Noticed an orc warlord
 21621 | Orc:2    | Reached skill level 18 in Axes
 21642 | Orc:2    | Killed an orc warlord
 21908 | Orc:2    | Found a bloodstained altar of Trog.
 22285 | Orc:2    | Reached skill level 15 in Shields
 22346 | Orc:2    | Reached XP level 15. HP: 109/138 MP: 14/14
 22483 | Orc:2    | Reached skill level 1 in Throwing
 22527 | Orc:2    | Received a gift from Okawaru
 22546 | Orc:2    | Got an ancient scale mail {god gift}
 22564 | Orc:2    | Identified the +0 scale mail of Fanaticism {+Fly rPois SInv} (Okawaru gifted it to you on level 2 of the Orcish Mines)
 22588 | Orc:2    | Found Gatoug's Jewellery Shoppe.
 22592 | Orc:2    | Found Cigilale's Antique Armour Shop.
 22610 | Orc:2    | Found Doteoh's Gadget Shop.
 22618 | Orc:2    | Found Vafeamos's General Store.
 22626 | Orc:2    | Bought 2 potions of heal wounds for 160 gold pieces
 22685 | Orc:1    | Paralysed by an orc sorcerer for 7 turns
 23231 | D:14     | Got a warped buckler
 23242 | D:14     | Identified the +0 buckler "Logru" {+Blink} (You found it on level 14 of the Dungeon)
 23946 | D:15     | Entered Level 15 of the Dungeon
 24088 | D:15     | Noticed Roxanne
 24116 | D:15     | Killed Roxanne
 24214 | D:15     | Found a staircase to the Depths.
 24367 | D:15     | Reached skill level 15 in Fighting
 24387 | D:15     | Received a gift from Okawaru
 25032 | Swamp:1  | Entered Level 1 of the Swamp
 25107 | Swamp:1  | Reached skill level 19 in Axes
 26092 | Swamp:2  | Reached XP level 16. HP: 149/149 MP: 15/15
 26684 | Swamp:3  | Received a gift from Okawaru
 26766 | Swamp:3  | Noticed Louise
 26778 | Swamp:3  | Killed Louise
 26899 | Swamp:3  | Identified the Compendium of Unholy Magic and Orientation
 26979 | Swamp:3  | Noticed a thorn hunter
 26991 | Swamp:3  | Killed a thorn hunter
 27219 | Swamp:3  | Noticed a thorn hunter
 27233 | Swamp:3  | Killed a thorn hunter
 27520 | Swamp:4  | Entered Level 4 of the Swamp
 27524 | Swamp:4  | Noticed a thorn hunter
 27525 | Swamp:4  | Noticed Aizul
 27775 | Swamp:4  | Identified the Collected Works on Entrancing Transformation
 27913 | Swamp:4  | Killed a thorn hunter
 28212 | Swamp:4  | Received a gift from Okawaru
 28216 | Swamp:4  | Reached skill level 20 in Axes
 28526 | Swamp:4  | Paralysed by a hornet for 1 turns
 28604 | Swamp:4  | Reached skill level 5 in Maces & Flails
 28611 | Swamp:4  | Got a decaying rune of Zot
 28628 | Swamp:4  | Noticed a thorn hunter
 28644 | Swamp:4  | Killed a thorn hunter
 28741 | Swamp:4  | Killed Aizul
 29112 | Snake:1  | Entered Level 1 of the Snake Pit
 29121 | Snake:1  | Received a gift from Okawaru
 29179 | Snake:1  | Reached XP level 17. HP: 130/160 MP: 16/16
 29794 | Snake:1  | Received a gift from Okawaru
 30292 | Snake:2  | Reached skill level 15 in Armour
 31177 | Snake:2  | You fall through a shaft!
 31433 | Snake:3  | Got a dazzling plate armour
 31464 | Snake:3  | Identified the +7 plate armour "Iratumef" {MP+9} (You found it on level 3 of the Snake Pit)
 31710 | Snake:3  | Received a gift from Okawaru
 32023 | Snake:4  | Entered Level 4 of the Snake Pit
 32056 | Snake:4  | Received a gift from Okawaru
 32070 | Snake:4  | Got an encrusted chain mail {god gift}
 32085 | Snake:4  | Identified the +4 chain mail of Okawaru's Supremacy {rElec Str+2} (Okawaru gifted it to you on level 4 of the Snake Pit)
 32166 | Snake:4  | Reached skill level 5 in Dodging
 32680 | Snake:4  | Reached XP level 18. HP: 94/172 MP: 17/17
 33564 | Snake:4  | Received a gift from Okawaru
 33564 | Snake:4  | Reached skill level 21 in Axes
 34228 | Snake:4  | Got a serpentine rune of Zot
 34704 | Vaults:1 | Entered Level 1 of the Vaults
 34816 | Vaults:1 | Received a gift from Okawaru
 35234 | Vaults:1 | Noticed Nikola
 35249 | Vaults:1 | Killed Nikola
 35810 | Vaults:1 | Received a gift from Okawaru
 36112 | Vaults:2 | Noticed NormalPerson7's ghost (adept OpWz)
 36142 | Vaults:2 | Killed NormalPerson7's ghost
 36149 | Vaults:2 | Reached XP level 19. HP: 61/183 MP: 18/18
 36363 | Vaults:2 | Found Dus Terilak's Distillery.
 37192 | Vaults:2 | Reached skill level 22 in Axes
 37495 | Vaults:2 | Reached skill level 1 in Invocations
 37540 | Vaults:2 | You fall through a shaft!
 37574 | Vaults:3 | Noticed a bone dragon
 37605 | Vaults:3 | Killed a bone dragon
 37605 | Vaults:3 | Received a gift from Okawaru
 37646 | Vaults:3 | Identified the Guide on Dark Rites
 37785 | Vaults:3 | Paralysed by a wizard for 7 turns
 38586 | Vaults:2 | Received a gift from Okawaru
 38589 | Vaults:2 | Got a pair of ancient gloves {god gift}
 38622 | Vaults:2 | Identified the +2 pair of gloves of Classification {rElec rF- rC+++ MR-} (Okawaru gifted it to you on level 2 of the Vaults)
 39005 | Vaults:3 | Identified Sif Muna's Disquisition on the Snowflakes
 39206 | Vaults:3 | Reached XP level 20. HP: 191/195 MP: 19/19
 39254 | Vaults:3 | Identified the Volume of Contamination
 39600 | Vaults:3 | Noticed Donald
 39613 | Vaults:3 | Killed Donald
 39989 | Vaults:3 | Received a gift from Okawaru
 40116 | Vaults:3 | Found a staircase to the Crypt.
 40120 | Vaults:3 | Reached skill level 23 in Axes
 40859 | Vaults:4 | Cast into level 2 of the Abyss (a deep elf sorcerer)
 41433 | Vaults:4 | Escaped the Abyss
 41824 | Vaults:4 | Received a gift from Okawaru
 41933 | Vaults:4 | Found Salaoxtyrch's Magic Scroll Shop.
 42535 | Elf:1    | Entered Level 1 of the Elven Halls
 42536 | Elf:1    | Cast into level 2 of the Abyss (a deep elf sorcerer)
 42779 | Abyss:2  | Gained mutation: You tend to lose your temper in combat. [a neqoxec]
 42820 | Abyss:2  | Received a gift from Okawaru
 42824 | Abyss:2  | Reached XP level 21. HP: 178/205 MP: 20/20
 43015 | Elf:1    | Escaped the Abyss
 43770 | Elf:2    | Received a gift from Okawaru
 43837 | Elf:2    | Found Ejoinun's Antique Weapon Boutique.
 43845 | Elf:2    | Found Xopinem's Antique Weapon Shop.
 43976 | Elf:2    | Found a runed gate.
 43978 | Elf:2    | Found a runed gate.
 43978 | Elf:2    | Found a runed gate.
 44138 | Elf:2    | Reached skill level 24 in Axes
 44920 | Depths:1 | Entered Level 1 of the Depths
 45392 | Depths:1 | Found a gateway to Hell.
 45935 | Depths:2 | Received a gift from Okawaru
 46107 | Depths:2 | Noticed Sergey's ghost (veteran HaSk)
 46450 | Depths:2 | Killed Sergey's ghost
 46592 | Depths:2 | Received a gift from Okawaru
 46606 | Depths:2 | Reached XP level 22. HP: 210/216 MP: 21/21
 46630 | Depths:2 | Found a sacrificial altar of Ru.
 46796 | Depths:2 | Found a large runed door.
 46796 | Depths:2 | Found a large runed door.
 47127 | Depths:2 | Received a gift from Okawaru
 47495 | Depths:2 | Paralysed by a great orb of eyes for 5 turns
 47506 | Depths:2 | Paralysed by an orc sorcerer for 6 turns
 47896 | Depths:2 | Received a gift from Okawaru
 47957 | Depths:3 | Reached skill level 25 in Axes
 48143 | Depths:3 | Found a corrupted altar of Lugonu.
 48143 | Depths:3 | Found a one-way gate to the infinite horrors of the Abyss.
 48199 | Depths:3 | Paralysed by a vampire knight for 5 turns
 48211 | Depths:3 | Paralysed by something for 5 turns
 48432 | Depths:3 | Noticed a golden dragon
 48450 | Depths:3 | Killed a golden dragon
 48466 | Depths:3 | HP: 4/219 [lich/crystal spear (37)]
 48468 | Depths:3 | Killed from afar by a spriggan air mage

Vault maps used:
D:1:      mrwooster_arrival_arrow
D:2:      lemuel_old_faithful, uniq_natasha
D:4:      kennysheep_slug_shrine, lemuel_crystal_altar, fedhas_altar_3,
          minmay_temple_entry_crystal_x, first_bread
D:5:      minmay_overflow_temple_star_quad
D:6:      nicolae_ru_awakened_eye, serial_shops, kennysheep_mini, basic_altar,
          grunt_ministairs_15
D:7:      gammafunk_the_bubble, nicolae_overflow_hidden_temple,
          nicolae_ossuary_entry_ruins, serial_bayou_lagoon_a, grunt_ogre_cave,
          uniq_pikel
D:8:      tgw_sif, lair_entry_dummy, nicolae_underground_beach, uniq_grum
D:12:     zombieorc2_lemuel, portal_ice_cave_entry_animals_and_master,
          lightli_elemental_guards
D:13:     erik_vaults_1, basic_altar
D:14:     grunt_ministairs_3
D:15:     grunt_enter_depths_magical_seal, uniq_roxanne
Temple:   minmay_temple_bridge_abc
Lair:1:   serial_bayou_lake_a, lemuel_fruit_tree
Lair:2:   minmay_swamp_entry_wisps, guppyfry_snake_entry_island, minivault_11,
          nicolae_lair_grove_arrangements, columned_hall_lemuel
Lair:3:   grunt_megastairs_2, serial_bayou_shore_b, minmay_lair_oklob_chamber
Lair:4:   lemuel_fruit_fields
Lair:5:   slime_altar_2, serial_bayou_shore_a, infiniplex_staircase_pool_2,
          uniq_urug
Lair:6:   minmay_lair_end_frog_pond
Swamp:1:  serial_swamp_ruin, evilmike_swamp_ruin_house_5,
          evilmike_swamp_ruin_rubble_2
Swamp:2:  evilmike_swamp_ruin_rubble_1, swamp_pool1
Swamp:3:  evilmike_swamp_ruin_house_3, uniq_louise
Swamp:4:  swamp_basic_johnstein, roderic_carrion_pond, uniq_aizul
Snake:3:  st_stairs_12
Snake:4:  snake_pit, eino_curves_04
Orc:1:    serial_shops, shop, basic_altar, lemuel_statue_altar, uniq_nergalle
Orc:2:    st_orc_elflike, trog_book
Elf:1:    hangedman_elf_disciples
Elf:2:    serial_shops, nicolae_shop_overgrown_old_shop, shop, spider_trap
Vaults:1: v_misc_28, grunt_vaults_diagonal, vaults_dpeg_encased_lava, v_misc_3,
          nicolae_vaults_little_squares_4, nicolae_vaults_stairing_the_circle,
          hangedman_vaults_maws, v_alt_pattern_3, grunt_vaults_bifocal,
          st_cells, uniq_nikola
Vaults:2: hangedman_vaults_hat, v_misc_13, ontoclasm_vaults_bender,
          ontoclasm_vaults_claustrophobia, nicolae_vaults_asterisk,
          ontoclasm_vaults_ring_small, st_squares, vaults_room_door_ring,
          hangedman_vaults_variations, nicolae_vaults_back_hallway,
          vaults_room_corners, hangedman_vaults_capsules, serial_shops, shop
Vaults:3: minmay_crypt_entry_simple_corners, vaults_dpeg_hooks,
          st_smaller_cells, hangedman_vaults_river_flow, vaults_mumra_hex,
          v_misc_12, vaults_room_ringed_pool, ontoclasm_vaults_ring_large,
          ontoclasm_vaults_loading_screen, serial_hangedman_research,
          hangedman_research_thermodynamics, hangedman_research_toxicology,
          hangedman_research_thanatology, uniq_donald
Vaults:4: vaults_dpeg_doors, ontoclasm_vaults_shuriken, hangedman_vaults_nodes,
          ontoclasm_vaults_loading_screen, ontoclasm_vaults_fault, v_misc_30,
          nicolae_vaults_border_crossing, v_misc_4,
          vaults_mumra_minichess_inversion, v_pattern_2, v_misc_13,
          serial_ice_m, nicolae_vaults_statue_guard, serial_shops,
          nicolae_shop_trees
Depths:1: hell_entry, nrook_uturn, spider_trap, kennysheep_doodads,
          lightli_minifort
Depths:2: lightli_eight_chambers, kennysheep_flooded_box, hell_entry,
          minivault_16
Depths:3: minmay_sliced_demisemicircle, pan_entry, abyss_entry_flame_altar,
          hell_entry, serial_sigils_hangedman_etch
Abyss:2:  bh_abyss_exit_grid, lemuel_firewalk_3, abyss_furniture_001
Ossuary:  ossuary_zaba_flooded
IceCv:    ice_cave_small_necro

Skill      XL: |  1  2  3  4  5  6  7  8  9 10 11 12 13 14 15 16 17 18 19 20 21 22 |
---------------+-------------------------------------------------------------------+-----
Fighting       | 4 5 6 7 8 9 11 12 14 15 16 18 19 20 21 22 23 | 23.4
Armour         | 4 5 7 8 9 10 12 13 14 15 16 17 18 | 18.5
Shields        | 4 5 6 7 8 9 10 12 13 15 16 17 18 19 20 21 22 | 22.7
Axes           | 3 4 5 6 8 10 11 13 15 16 17 18 19 20 21 22 23 24 25 | 25.1
Dodging        | 1 2 3 4 5 6 |  6.2
Stealth        | 1 2 |  2.6
Maces & Flails | 3 4 5 |  5.9
Throwing       | 1 2 |  2.5
Invocations    | 1 |  1.0
Evocations     | |  0.3

Action                   |  1- 3 |  4- 6 |  7- 9 | 10-12 | 13-15 | 16-18 | 19-21 | 22-24 || total
-------------------------+-------+-------+-------+-------+-------+-------+-------+-------++-------
Melee: War axe           |    61 |   186 |   233 |   461 |   572 |       |       |       ||  1513
       Headbutt          |    10 |    31 |    50 |   108 |   273 |   327 |   333 |    95 ||  1227
       Flail             |       |       |       |    27 |    14 |    16 |       |       ||    57
       Broad axe         |       |       |       |       |   606 |  1159 |  1209 |   282 ||  3256
Throw: Tomahawk          |       |       |       |       |     6 |    29 |     3 |       ||    38
       Javelin           |       |       |       |       |       |     6 |       |       ||     6
Invok: Heroism           |       |       |     1 |     1 |     2 |       |     2 |       ||     6
 Abil: Evoke Berserk Rag |       |       |       |       |       |     2 |       |       ||     2
Evoke: Wand              |       |       |       |       |     1 |       |       |       ||     1
  Use: Scroll            |       |     3 |     7 |    19 |    20 |    15 |     3 |       ||    67
       Potion            |       |       |       |       |     1 |     3 |     5 |       ||     9
 Stab: Sleeping          |       |       |       |     1 |       |       |       |       ||     1
       Distracted        |       |       |       |       |       |       |       |     1 ||     1
  Eat: Chunk             |       |     9 |     9 |    22 |    34 |    28 |    33 |     5 ||   140
       Fruit             |       |       |       |     1 |     3 |     2 |     2 |       ||     8
       Royal jelly       |       |       |       |       |     2 |     3 |       |     1 ||     6
Armor: Scale mail        |    33 |    72 |    28 |       |       |       |       |       ||   133
       Chain mail        |       |       |    47 |    27 |       |       |       |       ||    74
       Crystal plate arm |       |       |       |   155 |   349 |       |       |       ||   504
       Ring mail         |       |       |       |    13 |       |       |       |       ||    13
       Plate armour      |       |       |       |       |   202 |   608 |   507 |   203 ||  1520
Dodge: Dodged            |    20 |    36 |    52 |    82 |   222 |   330 |   281 |    88 ||  1111
Block: Shield            |    27 |    66 |   106 |   263 |   689 |   830 |   684 |   180 ||  2845
       Large shield      |       |     3 |       |       |       |       |       |       ||     3

Table legend:
 A = Spawn XP
 B = Non-spawn XP
 C = Spawn XP percentage of total XP
 D = Spawn monster count
 E = Non-spawn monster count
 F = Spawn count percentage of total count
 G = Total turns spent on level
                    A         B        C        D         E        F      G
               +---------+---------+-------+---------+---------+-------+---------
         Total |   25863 |  762884 |   3.3 |      56 |    1811 |   3.0 | 48468
               +---------+---------+-------+---------+---------+-------+---------
           D:1 |       0 |      37 |   0.0 |       0 |      20 |   0.0 |   799
           D:2 |       0 |     115 |   0.0 |       0 |      21 |   0.0 |   682
           D:3 |       0 |      39 |   0.0 |       0 |      21 |   0.0 |   889
           D:4 |       0 |     308 |   0.0 |       0 |      22 |   0.0 |   676
           D:5 |       0 |     748 |   0.0 |       0 |      24 |   0.0 |  1170
           D:6 |       0 |     696 |   0.0 |       0 |      14 |   0.0 |   890
           D:7 |       0 |    3352 |   0.0 |       0 |      39 |   0.0 |  1322
           D:8 |       0 |    2601 |   0.0 |       0 |      24 |   0.0 |  1070
           D:9 |       0 |    2313 |   0.0 |       0 |      21 |   0.0 |  1052
          D:10 |       0 |    2235 |   0.0 |       0 |      13 |   0.0 |   757
          D:11 |       0 |    6367 |   0.0 |       0 |      35 |   0.0 |  1306
          D:12 |       0 |    6098 |   0.0 |       0 |      63 |   0.0 |  1617
          D:13 |       0 |    5417 |   0.0 |       0 |      18 |   0.0 |   968
          D:14 |       0 |   10561 |   0.0 |       0 |      38 |   0.0 |  1025
          D:15 |       0 |   16534 |   0.0 |       0 |      29 |   0.0 |   793
        Lair:1 |       0 |    4730 |   0.0 |       0 |      20 |   0.0 |  1399
        Lair:2 |       0 |    4034 |   0.0 |       0 |      15 |   0.0 |  1340
        Lair:3 |       0 |    3394 |   0.0 |       0 |      10 |   0.0 |  1124
        Lair:4 |       0 |    7247 |   0.0 |       0 |      30 |   0.0 |   917
        Lair:5 |       0 |    4019 |   0.0 |       0 |      15 |   0.0 |  1006
        Lair:6 |       0 |   25909 |   0.0 |       0 |     105 |   0.0 |  1846
       Swamp:1 |       0 |    5655 |   0.0 |       0 |      17 |   0.0 |   751
       Swamp:2 |       0 |   18879 |   0.0 |       0 |      53 |   0.0 |   916
       Swamp:3 |       0 |   16382 |   0.0 |       0 |      33 |   0.0 |   968
       Swamp:4 |       0 |   32370 |   0.0 |       0 |      66 |   0.0 |  1394
       Snake:1 |       0 |   22287 |   0.0 |       0 |      44 |   0.0 |   623
       Snake:2 |       0 |   17269 |   0.0 |       0 |      29 |   0.0 |  1391
       Snake:3 |       0 |   16434 |   0.0 |       0 |      34 |   0.0 |   783
       Snake:4 |       0 |   64771 |   0.0 |       0 |     105 |   0.0 |  2395
         Orc:1 |       0 |    5798 |   0.0 |       0 |      35 |   0.0 |   575
         Orc:2 |       0 |   15891 |   0.0 |       0 |     102 |   0.0 |  1180
         Elf:1 |       0 |   20981 |   0.0 |       0 |      32 |   0.0 |   762
         Elf:2 |       0 |   34652 |   0.0 |       0 |      47 |   0.0 |   970
      Vaults:1 |       0 |   42433 |   0.0 |       0 |      86 |   0.0 |  1426
      Vaults:2 |       0 |   45795 |   0.0 |       0 |      61 |   0.0 |  2010
      Vaults:3 |       0 |   91086 |   0.0 |       0 |     130 |   0.0 |  2381
      Vaults:4 |       0 |   48553 |   0.0 |       0 |      63 |   0.0 |  1360
      Depths:1 |       0 |   39020 |   0.0 |       0 |      48 |   0.0 |  1572
      Depths:2 |       0 |   73750 |   0.0 |       0 |      94 |   0.0 |  1544
      Depths:3 |       0 |   30103 |   0.0 |       0 |      28 |   0.0 |   432
       Abyss:2 |   25863 |    7038 |  78.6 |      56 |      21 |  72.7 |  1053
       Ossuary |       0 |     906 |   0.0 |       0 |      32 |   0.0 |   336
         IceCv |       0 |    6077 |   0.0 |       0 |      54 |   0.0 |   736
               +---------+---------+-------+---------+---------+-------+---------
